 Dungeon Crawl Stone Soup version 0.24.0-37-gcf1ca852f1 (webtiles) character file.

Game seed: 3474459307360410668, levelgen mode: deterministic

228 PentaManta the Chopper (level 6, -1/37 HPs)
             Began as a Gargoyle Monk on Dec 1, 2019.
             Slain by an orc
             ... wielding a +0 trident
              (5 damage)
             ... on level 3 of the Dungeon.
             The game lasted 00:05:30 (2458 turns).

PentaManta the Chopper (Gargoyle Monk)              Turns: 2458, Time: 00:05:30

Health: -1/37      AC: 10    Str: 16    XL:     6   Next: 2%
Magic:  6/6        EV: 12    Int: 11    God:
Gold:   221        SH:  0    Dex: 12    Spells: 5/5 levels left

rFire    . . .     SeeInvis .   e - +1 dagger (venom)
rCold    . . .     Gourm    .   (no shield)
rNeg     + . .     Faith    .   b - +0 robe
rPois    ∞         Spirit   .   (no helmet)
rElec    +         Reflect  .   (no cloak)
rCorr    .         Harm     .   (no gloves)
MR       .....                  (no boots)
Stlth    ++........             (no amulet)
HPRegen  0.12/turn              f - +1 ring of protection
MPRegen  0.10/turn              i - +3 ring of protection

@: no status effects
A: negative energy resistance 1, electricity resistance, unbreathing,
petrification resistance, rot immunity, AC +4
a: no special abilities


You were on level 3 of the Dungeon.
You were hungry.

You visited 1 branch of the dungeon, and saw 3 of its levels.

You collected 221 gold pieces.

Inventory:

Hand Weapons
 a - a +0 hand axe
 e - a +1 dagger of venom (weapon)
Armour
 b - a +0 robe (worn)
Jewellery
 f - a +1 ring of protection (left hand)
 i - a +3 ring of protection (right hand)
Wands
 l - a wand of iceblast (7)
Scrolls
 d - a scroll of amnesia {unknown}
 j - 4 scrolls of blinking {unknown}
 k - 2 scrolls of teleportation {unknown}
 n - 2 scrolls of remove curse {unknown}
 o - a scroll of noise {unknown}
 p - 2 scrolls of identify {unknown}
Potions
 g - 3 potions of curing {unknown}
 h - a potion of berserk rage {unknown}
 m - a potion of lignification {unknown}
Comestibles
 c - 13 rations


   Skills:
 - Level 3.3 Fighting
 + Level 5.9 Axes
 - Level 2.4 Dodging
 - Level 2.1 Stealth


You had 5 spell levels left.
You didn't know any spells.
Your spell library was empty.

Dungeon Overview and Level Annotations

Branches:
Dungeon (3/15)

Altars:
Gozag

Annotations:
D:3 1 runed translucent door, Crazy Yiuf


Innate Abilities, Weirdness & Mutations

You are resistant to torment.
Your stone body is resilient. (AC +4)
You are immune to poison.
You resist negative energy. (rN+)
You are resistant to electric shocks. (rElec)
You can survive without breathing.
You are immune to petrification.
You are immune to rotting.


Message History

The orc priest is heavily wounded.
The orc barely misses you.
The orc priest hits you but does no damage.
You hit the orc priest.
The orc priest looks as sick as possible!
The orc priest is almost dead.
You kill the orc priest!
You have reached level 6!
Your experience leads to an increase in your attributes!
Increase (S)trength, (I)ntelligence, or (D)exterity?
You feel stronger. The orc hits you but does no damage.
You barely miss the orc. The orc hits you but does no damage.
The orc misses you.
You closely miss the orc. The orc hits you but does no damage.
The orc hits you with a +0 trident.
* * * LOW HITPOINT WARNING * * *
You hit the orc but do no damage.
The orc is poisoned.
The orc hits you but does no damage. The orc hits you with a +0 trident.
You die...

##### ....# #####..
###.### ....o..
#...###### .......
#####......### ..hoo#
.[# ######...### .h...#
#.# ###...####.go..# #.#
###..@o#.....#. #.##
####o........ ...#####
##.......#
#......#########
#.......#
.......<.......#
#....#..#
##....#.....##.#
##.#.#.##
####.......##.# #..#.#.#
####.#....##.###..#...#
###.................#...


You could see 2 orcs.

Vanquished Creatures
  An orc priest (D:3)
  An orc wizard (D:3)
  3 gnolls
  4 adders
  A worm (D:2)
  3 leopard geckos
  5 orcs (D:3)
  2 giant cockroaches
  9 goblins
  12 hobgoblins
  14 jackals
  7 kobolds
  A ball python (D:2)
  15 bats
  9 frilled lizards
  7 rats
94 creatures vanquished.

Vanquished Creatures (others)
  A fungus (D:3)
1 creature vanquished.

Grand Total: 95 creatures vanquished

Notes
Turn   | Place    | Note
-------+----------+-------------------------------------------
     0 | D:1      | PentaManta the Gargoyle Monk began the quest for the Orb.
     0 | D:1      | Reached XP level 1. HP: 14/14 MP: 1/1
    98 | D:1      | Reached skill level 3 in Axes
   126 | D:1      | Reached XP level 2. HP: 16/19 MP: 2/2
   582 | D:1      | Reached XP level 3. HP: 23/23 MP: 3/3
   906 | D:2      | Reached skill level 4 in Axes
  1084 | D:2      | Reached XP level 4. HP: 27/28 MP: 4/4
  1613 | D:2      | Found an opulent altar of Gozag.
  1783 | D:2      | Reached skill level 5 in Axes
  1783 | D:2      | Reached XP level 5. HP: 21/32 MP: 5/5
  2057 | D:3      | Found a runed translucent door.
  2058 | D:3      | Noticed Crazy Yiuf
  2455 | D:3      | Reached XP level 6. HP: 4/37 MP: 6/6
  2458 | D:3      | Slain by an orc

Levels and vault maps discovered:
D:1:      lemuel_arrival_lava_pool, layout_basic
D:2:      minmay_diamond_boxcup, layout_loops_ring,
          nicolae_gozag_cash_rules_everything_around_me
D:3:      layout_rooms, first_ration, grunt_ministairs_13,
          uniq_crazy_yiuf_cottage

Skill      XL: |  1  2  3  4 |
---------------+-------------+-----
Axes           | 3 4 5 |  5.9
Fighting       | |  3.3
Dodging        | |  2.4
Stealth        | |  2.1

Action                   |  1- 3 |  4- 6 || total
-------------------------+-------+-------++-------
Melee: Hand axe          |    19 |       ||    19
       Dagger            |   118 |   183 ||   301
 Stab: Sleeping          |     6 |     2 ||     8
       Distracted        |       |     1 ||     1
  Eat: Chunk             |       |     5 ||     5
Armor: Robe              |    51 |    93 ||   144
Dodge: Dodged            |   117 |   141 ||   258
